 Dungeon Crawl Stone Soup version 0.19.3-1-g3169bf9 (webtiles) character file.

140 galech the Skirmisher (level 5, -11/55 HPs)
             Began as an Ogre Fighter on Jan 24, 2017.
             Mangled by Duvessa
             ... wielding a +2 rapier of electrocution
              (15 damage)
             ... on level 4 of the Dungeon.
             The game lasted 00:05:16 (2369 turns).

galech the Skirmisher (Ogre Fighter)                Turns: 2369, Time: 00:05:17

Health: -11/55     AC:  3    Str: 22    XL:     5   Next: 22%
Magic:  5/5        EV:  9    Int:  7    God:
Gold:   194        SH:  8    Dex:  9    Spells: 0 memorised, 4 levels left

rFire  . . .     SeeInvis .     a - +0 flail
rCold  . . .     Gourm    .     b - +0 robe
rNeg   . . .     Faith    .     c - +0 shield
rPois  .         Spirit   .     (helmet restricted)
rElec  .         Reflect  .     (no cloak)
rCorr  .         Harm     .     (gloves unavailable)
MR     .....                    (boots unavailable)
Stlth  +.........               p - amulet of rage
                                (no ring)
                                (no ring)

@: glowing
A: unfitting armour, tough skin 1
a: Evoke Berserk Rage


You were on level 4 of the Dungeon.
You were not hungry.

You visited 1 branch of the dungeon, and saw 4 of its levels.

You collected 194 gold pieces.

Inventory:

Hand Weapons
 a - a +0 flail (weapon)
Armour
 b - a +0 robe (worn)
 c - a +0 shield (worn)
Jewellery
 p - an amulet of rage (around neck)
Wands
 l - a wand of slowing (20/48)
Scrolls
 g - a scroll of fog {unknown}
 i - 5 scrolls of amnesia
 k - 2 scrolls of remove curse
 m - a scroll of teleportation
 n - a scroll of enchant weapon
 u - a scroll of recharging
Potions
 d - 4 potions of might
 e - a potion of curing {unknown}
 h - a potion of resistance {unknown}
 j - 2 potions of heal wounds {unknown}
 o - a potion of degeneration
 s - a potion of ambrosia {unknown}
 t - a potion of haste {unknown}
Comestibles
 f - 3 bread rations
 q - a beef jerky
 r - 2 meat rations


   Skills:
 + Level 4.8 Fighting
 + Level 4.2 Maces & Flails
 + Level 3.7 Dodging
 + Level 3.3 Shields


You had 4 spell levels left.
You didn't know any spells.

Dungeon Overview and Level Annotations

Branches:
Dungeon (4/15)
 Temple: D:4-7

Altars:
Ashenzari
Okawaru
Trog

Annotations:
D:4 Dowan, Duvessa


Innate Abilities, Weirdness & Mutations

You are too large for most types of armour.
You have tough skin. (AC +1)


Message History

You are too injured to fight recklessly!
You are too injured to fight recklessly!
You are too injured to fight recklessly!
You are too injured to fight recklessly!
You are too injured to fight recklessly!
Dowan gestures at Duvessa while chanting.
Duvessa seems to speed up.
Dowan casts a spell.
Dowan blinks!
You see here an ivory ring.
You feel sick. Duvessa hits you but does no damage.
Duvessa hits you with a rapier of electrocution!
* * * LOW HITPOINT WARNING * * *
You feel sick.
You are no longer poisoned.
There is a stone staircase leading up here.
Duvessa hits you with a rapier of electrocution.
* * * LOW HITPOINT WARNING * * *
You are electrocuted!
You die...

# #.. #####.#
+....######......
#......<....####
#....#####.e@..#
#.. #......##.# .
#.####.##.####
#........
#=#.##### #.#.#
#.# # #e# #.#


You could see Duvessa and Dowan.

Vanquished Creatures
  Jessica (D:2)
  2 adders (D:2)
  4 worms (D:3)
  3 dart slugs
  2 leopard geckos
  2 ball pythons
  7 bats
  7 giant cockroaches
  8 goblins
  12 hobgoblins
  13 kobolds
  2 quokkas
  6 frilled lizards
  8 rats
77 creatures vanquished.

Notes
Turn   | Place    | Note
-------+----------+-------------------------------------------
     0 | D:1      | galech the Ogre Fighter began the quest for the Orb.
     0 | D:1      | Reached XP level 1. HP: 24/24 MP: 1/1
    54 | D:1      | Reached XP level 2. HP: 20/32 MP: 2/2
   202 | D:1      | Reached XP level 3. HP: 22/40 MP: 3/3
   759 | D:2      | Noticed Jessica
   762 | D:2      | Killed Jessica
   762 | D:2      | Reached XP level 4. HP: 49/49 MP: 4/4
  1027 | D:2      | Found a bloodstained altar of Trog.
  1448 | D:3      | Reached XP level 5. HP: 53/55 MP: 5/5
  1521 | D:3      | Found a shattered altar of Ashenzari.
  1587 | D:3      | Found an iron altar of Okawaru.
  2345 | D:4      | Noticed Dowan
  2347 | D:4      | Noticed Duvessa
  2369 | D:4      | Mangled by Duvessa

Skill      XL: |  1  2  3  4 |
---------------+-------------+-----
Dodging        | 3 |  3.7
Maces & Flails | 3 4 |  4.2
Shields        | 3 |  3.3
Fighting       | |  4.8

Action                   |  1- 3 |  4- 6 || total
-------------------------+-------+-------++-------
Melee: Flail             |   112 |   157 ||   269
  Use: Scroll            |       |     6 ||     6
  Eat: Chunk             |       |     5 ||     5
Armor: Robe              |    46 |    43 ||    89
Dodge: Dodged            |    52 |    70 ||   122
Block: Shield            |    56 |    76 ||   132
